 Dungeon Crawl Stone Soup version 0.29.1-13-g9f3cf754e1 (webtiles) character file.

Game seed: 5698288536683565160

366 xian the Chopper (level 6, 0/52 HPs)
             Began as a Minotaur Gladiator on Jan 24, 2023.
             Was a Follower of Okawaru.
             Succumbed to Dowan's poison
             ... on level 4 of the Dungeon.
             The game lasted 00:08:00 (3097 turns).

xian the Chopper (Minotaur Gladiator)               Turns: 3097, Time: 00:08:01

Health: 0/52       AC: 13    Str: 20    XL:     6   Next: 40%
Magic:  5/5        EV:  7    Int:  5    God:    Okawaru [*.....]
Gold:   178        SH:  0    Dex: 18    Spells: 5/5 levels left

rFire   + . .      SeeInvis .   a - +0 war axe
rCold   x . .      Faith    .   (no shield)
rNeg    . . .      Spirit   .   t - +1 plate armour
rPois   .          Reflect  .   c - +0 hat
rElec   .          Harm     .   s - +0 cloak
rCorr   .          Rampage  .   (no gloves)
Will    .....                   (no boots)
Stlth   ..........              w - amulet of magic regeneration
HPRegen 0.17/turn               p - +6 ring of dexterity
MPRegen 0.49/turn               n - ring of fire

@: lethally poisoned (0 -> -7), hasted, very quick
A: horns 2, retaliatory headbutt
a: Renounce Religion, Heroism


You were on level 4 of the Dungeon.
You worshipped Okawaru.
Okawaru was aware of your devotion.
You visited 1 branch of the dungeon, and saw 4 of its levels.

You collected 178 gold pieces.

Inventory:

Hand Weapons
 a - a +0 war axe (weapon)
 j - a +0 short sword
Missiles
 e - a javelin (quivered)
 h - 44 stones
 u - 2 boomerangs
Armour
 c - a +0 hat (worn)
 s - a +0 cloak (worn)
 t - a +1 plate armour (worn)
Jewellery
 n - a ring of fire (right hand)
 p - a +6 ring of dexterity (left hand)
 w - an amulet of magic regeneration (around neck)
Wands
 k - a wand of roots (8)
Scrolls
 i - a scroll of noise {unknown}
 l - 2 scrolls of blinking
 m - a scroll of fear
 r - a scroll of immolation
 v - a scroll of vulnerability
 x - 2 scrolls of enchant armour
 y - a scroll of enchant weapon
Potions
 b - a potion of magic {unknown}
 f - a potion of curing {unknown}
 g - a potion of degeneration {unknown}
 o - a potion of haste
 q - 2 potions of berserk rage {unknown}


   Skills:
 + Level 3.9 Fighting
 + Level 6.3 Axes
 * Level 2.9 Throwing
 + Level 3.0 Armour
 + Level 3.9 Dodging
 + Level 0.4 Stealth


You had 5 spell levels left.
You didn't know any spells.
Your spell library contained the following spells:

 Spells                   Type           Power      Damage    Failure   Level
 Apportation              Tloc           0%         N/A       100%        1
 Foxfire                  Conj/Fire      0%         2x1d4     100%        1
 Conjure Flame            Conj/Fire      0%         6-21      100%        3
 Inner Flame              Hex/Fire       0%         N/A       100%        3
 Flame Wave               Conj/Fire      0%         2d4       100%        4
 Alistair's Intoxication  Tmut/Pois      0%         N/A       100%        5


Dungeon Overview and Level Annotations

Branches:
Dungeon (4/15)
 Temple: D:4-7

Altars:
Okawaru


Innate Abilities, Weirdness & Mutations

You have a pair of horns on your head.
You reflexively headbutt those who attack you in melee.


Message History

Duvessa hits you with a +0 short sword. Duvessa closely misses you.
Dowan gestures at you while chanting. The puff of frost hits you!
You feel a terrible chill!
* * * LOW HITPOINT WARNING * * *
Unknown command.
You hit Duvessa. You headbutt Duvessa.
You kill Duvessa!
Okawaru accepts your kill.
You can now gain great but temporary skills.
Dowan seems overcome with grief.
Dowan seems to find hidden reserves of power!
You closely miss Dowan.
You feel sick. Dowan hits you but does no damage.
You are lethally poisoned!
An adder comes into view.
Your Axes skill increases to level 6!
You have reached level 6!
Okay, then.
Throw: throwing net
Press: ? - help, Q - select action, (/) - cycle Shift-Dir - straight line, f - Dowan
Aim: Dowan, wielding a +2 dagger of venom and wearing a +0 robe (almost dead, fast, 53% to hit)
You throw a throwing net. The throwing net hits Dowan.
Dowan is caught in the net!
Dowan is almost dead.
The adder hisses angrily.
* * * LOW HITPOINT WARNING * * *
You feel very sick.
Dowan struggles against the net. x2
You slash Dowan!
You kill Dowan!
Okawaru accepts your kill.
* * * LOW HITPOINT WARNING * * *
You feel very sick.
Your Armour skill increases to level 3!
* * * LOW HITPOINT WARNING * * *
You feel sick. The adder bites you but does no damage.
Things that are here:
a +2 dagger of venom; a +0 robe; a throwing net Unknown command.
It was a potion of haste.
You feel yourself speed up.
You die...

*,,,,,..##.#.##*~~,*,,,*,~~*
*,,*,*,...(...*~~~,*,,,*,~~~
*,,#.##,.....,**~~,**,**,~~*
**,,#....#...****~≈≈~#+*~~~~*
*,*,!.......#* **≈≈~8,8~~~**
**,*******#)# **≈≈...≈~** *,*
#.# **#8.8#### *,* ##S##
#...#..# ***,** ##..@## #8.8#..#
*,,,,** ##.....## #......#
*,,,,,*##.......## ##.###.##
**,,_,,*#.........####...##.###
*,,,8,,,+.........'..........).
***,,_,,*#.........####...##.###
*,,,,,,,*##.......## ##.#...#
*,***,*** ##.....## ###...# *,*
*** ##...## #...#


You could see an adder.

Vanquished Creatures
  Duvessa (D:4)
  A necrophage (D:4)
  Dowan (D:4)
  Natasha (D:2)
  5 adders
  3 worms
  2 dart slugs
  9 orcs
  7 ball pythons (D:1)
  3 bats
  7 endoplasms
  A giant cockroach (D:2)
  7 goblins
  2 hobgoblins
  7 kobolds
  2 quokkas
  A frilled lizard (D:1)
  6 rats
66 creatures vanquished.

Notes
Turn   | Place    | Note
-------+----------+-------------------------------------------
     0 | D:1      | xian the Minotaur Gladiator began the quest for the Orb.
     0 | D:1      | Reached XP level 1. HP: 18/18 MP: 0/0
   360 | D:1      | Reached skill level 4 in Axes
   360 | D:1      | Reached XP level 2. HP: 22/25 MP: 1/1
   876 | D:1      | Reached XP level 3. HP: 30/30 MP: 2/2
  1492 | D:2      | Found an iron altar of Okawaru.
  1499 | D:2      | Became a worshipper of Warmaster Okawaru
  1556 | D:2      | Noticed Natasha
  1562 | D:2      | Killed Natasha
  1563 | D:2      | Reached skill level 5 in Axes
  1563 | D:2      | Reached skill level 1 in Armour
  1563 | D:2      | Reached XP level 4. HP: 25/38 MP: 3/3
  2848 | D:4      | Noticed a necrophage
  2859 | D:4      | Killed a necrophage
  2860 | D:4      | Reached XP level 5. HP: 40/45 MP: 4/4
  3074 | D:4      | Noticed Duvessa
  3075 | D:4      | Noticed Dowan
  3093 | D:4      | Killed Duvessa
  3093 | D:4      | Reached * piety under Okawaru
  3094 | D:4      | Reached skill level 6 in Axes
  3094 | D:4      | Reached XP level 6. HP: 10/52 MP: 5/5
  3095 | D:4      | Killed Dowan
  3096 | D:4      | HP: 2/52 [poisoned by Dowan]
  3097 | D:4      | Succumbed to Dowan's poison

Illustrated notes

Levels and vault maps discovered:
D:1:      spicycebolla_arrival_ecumenical, layout_basic
D:2:      layout_loops_ring, basic_altar, kennysheep_potato, uniq_natasha
D:3:      layout_loops_corners
D:4:      layout_loops_corners, chequers_temple_overflow_statue_of_worship,
          kennysheep_orc_sif_temple, portal_sewer_entry_b, dk_noncrumbling_4,
          uniq_robin, uniq_duvessa, uniq_crazy_yiuf_cottage

Skill      XL: |  1  2  3  4  5  6 |
---------------+-------------------+-----
Axes           | 4 5 6 |  6.3
Fighting       | 3 |  3.9
Armour         | 1 2 3 |  3.0
Throwing       | |  2.9
Dodging        | |  3.9
Stealth        | |  0.4

Action                   |  1- 3 |  4- 6 || total
-------------------------+-------+-------++-------
Melee: War axe           |    60 |    57 ||   117
       Headbutt          |     8 |     6 ||    14
       Punch             |       |     1 ||     1
Throw: Stone             |     1 |     7 ||     8
       Javelin           |     1 |       ||     1
       Throwing net      |       |     3 ||     3
  Use: Scroll            |       |     7 ||     7
       Potion            |       |     1 ||     1
 Stab: Held in net/web   |       |     2 ||     2
Armor: Leather armour    |    13 |       ||    13
       Chain mail        |     5 |     6 ||    11
       Plate armour      |       |    42 ||    42
Dodge: Dodged            |    51 |    25 ||    76
